[ PARTIDA AOE2 · #506400837 ]
UnrankedJaponeses vs Turks
Equipo del jugador · VICT
Equipo rival · DERR
[ ANÁLISIS DE REPETICIÓN · EXTRAÍDO DE LA PARTIDA GRABADA ]
Feudal
9:53
Castillos
26:23
Imperial
—
| APM promedio | 39.0 |
| APM pico | 74 |
| eAPM promedio | 14.3 |
| Aldeanos / militares | 50 / 18 |
Foco
⚔️ 25.9% · 🌾 74.1%
Archer ×7 · Skirmisher ×5 · Militia ×4 · Spearman ×2
Feudal
9:27
Castillos
24:25
Imperial
—
| APM promedio | 31.6 |
| APM pico | 54 |
| eAPM promedio | 13.0 |
| Aldeanos / militares | 43 / 22 |
Foco
⚔️ 31.4% · 🌾 68.6%
Archer ×16 · Skirmisher ×4 · Knight ×1 · Scout Cavalry ×1
Mapa de la partida
Recursos iniciales + cada clic de construcción. Líneas = muros · curvas = relieve. ◆ oro · ⬟ piedra · ● bayas · ✦ reliquia · ◌ hueco del cierre
Tu base· ✓ Cerrada en 26:23 · 17t muro · 1 puerta(s)
Base de HeN.Razius33· Abierta — el rival se encerró
Terreno inicial suavizado · ◌ = hueco del cierre detectado · pasá el cursor para detalles
Inputs por minuto
— theanswer5 - - HeN.Razius33
Build order — theanswer5
139 acciones detectadas en el replay
| 0:04 | Encolar | Villager (Male) |
| 0:04 | Encolar | Villager (Male) |
| 0:04 | Encolar | Villager (Male) |
| 0:04 | Encolar | Villager (Male) |
| 0:06 | Construir | House |
| 0:09 | Construir | House |
| 1:27 | Encolar | Villager (Male) |
| 1:28 | Encolar | Villager (Male) |
| 1:53 | Construir | Lumber Camp |
| 1:58 | Encolar | Villager (Male) |
| 2:26 | Encolar | Villager (Male) |
| 2:55 | Encolar | Villager (Male) |
| 3:14 | Encolar | Villager (Male) |
| 3:26 | Construir | House |
| 3:41 | Encolar | Villager (Male) |
| 4:21 | Encolar | Villager (Male) |
| 4:21 | Encolar | Villager (Male) |
| 4:44 | Encolar | Villager (Male) |
| 5:04 | Construir | Mining Camp |
| 5:09 | Encolar | Villager (Male) |
| 5:14 | Construir | House |
| 5:31 | Encolar | Villager (Male) |
| 5:47 | Construir | Barracks |
| 6:05 | Encolar | Villager (Male) |
| 6:13 | Construir | Palisade Wall |
| 6:15 | Construir | Palisade Wall |
| 6:24 | Investigar | Loom |
| 6:34 | Encolar | Villager (Male) |
| 6:41 | Construir | House |
| 7:09 | Construir | Mining Camp |
| 7:43 | Investigar | Feudal Age |
| 8:09 | Encolar | Militia |
| 8:09 | Encolar | Militia |
| 8:09 | Encolar | Militia |
| 8:51 | Encolar | Militia |
| 9:17 | Encolar | Villager (Male) |
| 9:48 | Construir | House |
| 9:53 | Edad | Edad Feudal |
| 10:02 | Investigar | Man-at-Arms (upgrade) |
| 10:02 | Investigar | Man-at-Arms (upgrade) |
| 10:16 | Construir | Watch Tower |
| 10:20 | Encolar | Villager (Male) |
| 10:20 | Encolar | Villager (Male) |
| 10:25 | Construir | House |
| 10:45 | Encolar | Villager (Male) |
| 10:58 | Construir | Blacksmith |
| 11:10 | Construir | Watch Tower |
| 11:13 | Encolar | Villager (Male) |
| 11:13 | Encolar | Villager (Male) |
| 11:46 | Construir | Mill |
| 12:11 | Encolar | Villager (Male) |
| 12:12 | Encolar | Villager (Male) |
| 12:36 | Encolar | Villager (Male) |
| 12:47 | Construir | Farm |
| 12:48 | Construir | Farm |
| 13:12 | Construir | Palisade Wall |
| 13:16 | Construir | Palisade Wall |
| 13:38 | Encolar | Villager (Male) |
| 13:38 | Encolar | Villager (Male) |
| 13:57 | Encolar | Villager (Male) |
| 14:04 | Construir | Watch Tower |
| 14:21 | Encolar | Villager (Male) |
| 14:44 | Construir | Palisade Wall |
| 14:46 | Construir | Palisade Wall |
| 14:49 | Construir | Palisade Wall |
| 14:55 | Encolar | Villager (Male) |
| 14:55 | Encolar | Villager (Male) |
| 15:00 | Construir | Farm |
| 15:16 | Construir | Watch Tower |
| 15:27 | Encolar | Villager (Male) |
| 15:53 | Construir | House |
| 16:11 | Construir | Farm |
| 16:12 | Construir | Farm |
| 16:13 | Construir | Farm |
| 16:14 | Construir | Farm |
| 16:32 | Encolar | Villager (Male) |
| 16:32 | Encolar | Villager (Male) |
| 17:16 | Investigar | Fletching |
| 17:42 | Encolar | Villager (Male) |
| 17:42 | Encolar | Villager (Male) |
| 17:59 | Construir | Watch Tower |
| 18:08 | Encolar | Villager (Male) |
| 18:08 | Encolar | Villager (Male) |
| 18:13 | Construir | Farm |
| 18:41 | Encolar | Villager (Male) |
| 18:45 | Construir | Archery Range |
| 18:49 | Construir | Mining Camp |
| 18:59 | Construir | Market |
| 19:08 | Encolar | Villager (Male) |
| 19:12 | Construir | Farm |
| 19:13 | Construir | Farm |
| 19:20 | Investigar | Gold Mining |
| 19:59 | Construir | Archery Range |
| 20:01 | Encolar | Villager (Male) |
| 20:01 | Encolar | Villager (Male) |
| 20:06 | Construir | Palisade Wall |
| 20:10 | Construir | Palisade Gate |
| 20:44 | Encolar | Skirmisher |
| 20:44 | Encolar | Skirmisher |
| 20:47 | Encolar | Villager (Male) |
| 21:02 | Encolar | Villager (Male) |
| 21:29 | Encolar | Villager (Male) |
| 21:32 | Encolar | Skirmisher |
| 21:34 | Investigar | Padded Archer Armor |
| 21:41 | Investigar | Double-Bit Axe |
| 21:44 | Construir | Farm |
| 21:46 | Construir | Farm |
| 21:51 | Construir | House |
| 21:52 | Construir | House |
| 21:53 | Construir | House |
| 22:06 | Construir | Watch Tower |
| 22:08 | Encolar | Villager (Male) |
| 22:15 | Encolar | Skirmisher |
| 22:15 | Encolar | Skirmisher |
| 23:43 | Investigar | Castle Age |
| 23:43 | Investigar | Castle Age |
| 23:45 | Encolar | Archer |
| 23:46 | Encolar | Archer |
| 23:49 | Construir | Archery Range |
| 24:05 | Construir | Palisade Wall |
| 24:06 | Construir | Palisade Wall |
| 24:07 | Construir | Palisade Wall |
| 24:08 | Construir | Palisade Wall |
| 24:22 | Encolar | Villager (Male) |
| 24:24 | Encolar | Archer |
| 24:27 | Investigar | Horse Collar |
| 24:27 | Investigar | Horse Collar |
| 25:17 | Encolar | Archer |
| 25:19 | Encolar | Archer |
| 25:34 | Encolar | Archer |
| 25:36 | Encolar | Archer |
| 25:42 | Construir | Lumber Camp |
| 25:58 | Encolar | Spearman |
| 25:59 | Encolar | Spearman |
| 26:23 | Edad | Edad de los Castillos |
| 26:24 | Investigar | Bodkin Arrow |
| 26:24 | Investigar | Bodkin Arrow |
| 26:27 | Investigar | Crossbowman (upgrade) |
| 26:36 | Encolar | Villager (Male) |
Build order — HeN.Razius33
127 acciones detectadas en el replay
| 0:00 | Encolar | Villager (Male) ×4 |
| 0:02 | Construir | House |
| 0:04 | Construir | House |
| 1:24 | Encolar | Villager (Male) |
| 1:59 | Encolar | Villager (Male) |
| 2:14 | Construir | Lumber Camp |
| 2:36 | Encolar | Villager (Male) |
| 2:52 | Encolar | Villager (Male) |
| 3:21 | Encolar | Villager (Male) |
| 3:30 | Construir | House |
| 3:31 | Construir | House |
| 3:39 | Encolar | Villager (Male) |
| 4:17 | Encolar | Villager (Male) |
| 4:39 | Encolar | Villager (Male) |
| 4:44 | Construir | Mill |
| 5:10 | Encolar | Villager (Male) |
| 5:22 | Encolar | Villager (Male) |
| 5:58 | Encolar | Villager (Male) |
| 6:27 | Encolar | Villager (Male) |
| 6:29 | Investigar | Loom |
| 7:03 | Investigar | Feudal Age |
| 7:12 | Construir | House |
| 7:14 | Construir | Palisade Wall |
| 7:19 | Construir | House |
| 7:21 | Construir | Palisade Wall |
| 8:06 | Encolar | Villager (Male) |
| 8:06 | Encolar | Villager (Male) |
| 8:17 | Construir | Barracks |
| 8:42 | Construir | Mining Camp |
| 8:52 | Construir | Palisade Wall |
| 8:53 | Construir | Palisade Wall |
| 9:27 | Edad | Edad Feudal |
| 9:38 | Construir | Archery Range |
| 10:07 | Construir | Palisade Gate |
| 10:13 | Construir | House |
| 10:15 | Encolar | Villager (Male) |
| 10:20 | Investigar | Double-Bit Axe |
| 10:27 | Construir | Palisade Wall |
| 10:31 | Encolar | Archer |
| 10:31 | Encolar | Archer |
| 10:38 | Encolar | Villager (Male) |
| 11:10 | Construir | Mining Camp |
| 11:11 | Encolar | Villager (Male) |
| 11:20 | Construir | Mill |
| 11:29 | Encolar | Villager (Male) |
| 11:35 | Construir | Blacksmith |
| 11:53 | Encolar | Villager (Male) |
| 11:56 | Encolar | Skirmisher |
| 12:20 | Construir | Watch Tower |
| 12:31 | Encolar | Villager (Male) |
| 12:34 | Encolar | Villager (Male) |
| 12:55 | Investigar | Fletching |
| 13:00 | Construir | House |
| 13:15 | Construir | Archery Range |
| 13:18 | Construir | Farm |
| 13:20 | Construir | Farm |
| 13:22 | Construir | Farm |
| 13:41 | Construir | Palisade Wall |
| 13:43 | Encolar | Villager (Male) |
| 13:49 | Construir | Farm |
| 14:09 | Encolar | Villager (Male) |
| 14:14 | Construir | Farm |
| 14:16 | Construir | Farm |
| 14:19 | Construir | Farm |
| 14:31 | Encolar | Skirmisher |
| 14:35 | Encolar | Archer |
| 14:37 | Encolar | Villager (Male) |
| 14:48 | Encolar | Villager (Male) |
| 14:51 | Construir | Farm |
| 14:56 | Construir | Farm |
| 15:02 | Encolar | Skirmisher |
| 15:06 | Encolar | Archer |
| 15:28 | Encolar | Villager (Male) |
| 15:53 | Encolar | Skirmisher |
| 15:56 | Encolar | Archer |
| 16:00 | Encolar | Villager (Male) |
| 16:04 | Construir | House |
| 16:22 | Encolar | Villager (Male) |
| 16:40 | Encolar | Villager (Male) |
| 16:54 | Construir | Mining Camp |
| 17:07 | Encolar | Villager (Male) |
| 17:21 | Construir | Farm |
| 17:39 | Construir | Market |
| 17:39 | Encolar | Villager (Male) |
| 17:40 | Encolar | Archer |
| 17:41 | Encolar | Archer |
| 17:43 | Investigar | Padded Archer Armor |
| 17:56 | Construir | House |
| 18:26 | Construir | House |
| 18:28 | Encolar | Villager (Male) |
| 18:55 | Encolar | Archer |
| 18:55 | Encolar | Archer |
| 18:56 | Encolar | Villager (Male) |
| 19:15 | Construir | Mining Camp |
| 19:16 | Encolar | Villager (Male) |
| 19:22 | Encolar | Archer |
| 20:03 | Encolar | Archer |
| 20:03 | Encolar | Villager (Male) |
| 20:04 | Encolar | Villager (Male) |
| 20:27 | Encolar | Archer |
| 21:25 | Construir | Mill |
| 21:45 | Investigar | Castle Age |
| 21:46 | Encolar | Archer |
| 21:46 | Encolar | Archer |
| 22:51 | Construir | Stable |
| 22:58 | Encolar | Archer |
| 23:15 | Construir | Mining Camp |
| 23:25 | Encolar | Archer |
| 23:33 | Construir | Farm |
| 23:34 | Construir | Farm |
| 23:37 | Investigar | Wheelbarrow |
| 24:25 | Edad | Edad de los Castillos |
| 24:32 | Encolar | Knight |
| 24:47 | Construir | Siege Workshop |
| 25:10 | Encolar | Villager (Male) |
| 25:18 | Investigar | Scale Barding Armor |
| 25:20 | Encolar | Scout Cavalry |
| 25:51 | Encolar | Villager (Male) |
| 26:05 | Construir | Farm |
| 26:12 | Investigar | Horse Collar |
| 26:12 | Investigar | Horse Collar |
| 26:34 | Encolar | Villager (Male) |
| 26:40 | Construir | House |
| 26:41 | Construir | House |
| 26:41 | Construir | House |
| 26:48 | Investigar | Town Watch |
| 27:10 | Investigar | Forging |
Cronología de la partida
| 5:47 | theanswer5 · first_building Barracks |
| 6:13 | theanswer5 · wall_segment Palisade Wall x1 |
| 6:15 | theanswer5 · wall_segment Palisade Wall x1 |
| 7:14 | HeN.Razius33 · wall_segment Palisade Wall x5 |
| 7:21 | HeN.Razius33 · wall_segment Palisade Wall x3 |
| 8:17 | HeN.Razius33 · first_building Barracks |
| 8:52 | HeN.Razius33 · wall_segment Palisade Wall x1 |
| 8:53 | HeN.Razius33 · wall_segment Palisade Wall x1 |
| 9:27 | HeN.Razius33 · age_up feudal |
| 9:38 | HeN.Razius33 · first_building Archery Range |
| 9:53 | theanswer5 · age_up feudal |
| 10:27 | HeN.Razius33 · wall_segment Palisade Wall x4 |
| 13:12 | theanswer5 · wall_segment Palisade Wall x1 |
| 13:16 | theanswer5 · wall_segment Palisade Wall x1 |
| 13:41 | HeN.Razius33 · wall_segment Palisade Wall x1 |
| 14:44 | theanswer5 · wall_segment Palisade Wall x1 |
| 14:46 | theanswer5 · wall_segment Palisade Wall x1 |
| 14:49 | theanswer5 · wall_segment Palisade Wall x1 |
| 18:45 | theanswer5 · first_building Archery Range |
| 20:06 | HeN.Razius33 · first_market_sell 100 wood |
| 20:06 | theanswer5 · wall_segment Palisade Wall x6 |
| 20:13 | HeN.Razius33 · first_market_buy 100 food |
| 22:51 | HeN.Razius33 · first_building Stable |
| 23:11 | theanswer5 · first_market_buy 100 food |
| 24:05 | theanswer5 · wall_segment Palisade Wall x1 |
| 24:06 | theanswer5 · wall_segment Palisade Wall x1 |
| 24:07 | theanswer5 · wall_segment Palisade Wall x1 |
| 24:08 | theanswer5 · wall_segment Palisade Wall x1 |
| 24:25 | HeN.Razius33 · age_up castle |
| 24:47 | HeN.Razius33 · first_building Siege Workshop |
| 26:23 | theanswer5 · age_up castle |
| 27:21 | HeN.Razius33 · resign |
[ ANÁLISIS IA · 1 CRÉDITO ]
¿Qué pasó realmente en esta partida?
Wolo.gg analiza cada decisión: build order, eco, micro, errores típicos por bracket. Análisis personalizado por WhatsApp o Discord en 30 segundos.
Guía civ
Japoneses
Perfil
theanswer5